 Dungeon Crawl Stone Soup version 0.23-a0-395-gcf17ac6c65 (webtiles) character file.

240 Notair the Chopper (level 5, 0/47 HPs)
             Began as a Minotaur Gladiator on Nov 2, 2018.
             Succumbed to Sigmund's poison
             ... on level 3 of the Dungeon.
             The game lasted 00:02:52 (1948 turns).

Notair the Chopper (Minotaur Gladiator)             Turns: 1948, Time: 00:02:53

Health: 0/47       AC: 10    Str: 19    XL:     5   Next: 79%
Magic:  4/4        EV:  6    Int:  5    God:
Gold:   243        SH:  0    Dex: 12    Spells: 4/4 levels left

rFire    . . .     SeeInvis .   a - +0 war axe
rCold    . . .     Gourm    .   (no shield)
rNeg     . . .     Faith    .   n - +0 plate armour
rPois    .         Spirit   .   c - +0 hat
rElec    .         Reflect  .   l - scarf {cloud immunity}
rCorr    .         Harm     .   (no gloves)
MR       .....                  (no boots)
Stlth    ..........             (no amulet)
HPRegen  0.15/turn              (no ring)
MPRegen  0.09/turn              (no ring)

@: lethally poisoned (0 -> -22), berserk cooldown, slowed, very slow
A: retaliatory headbutt, horns 2
a: no special abilities


You were on level 3 of the Dungeon.
You were not hungry.

You visited 1 branch of the dungeon, and saw 3 of its levels.

You collected 243 gold pieces.

Inventory:

Hand Weapons
 a - a +0 war axe (weapon)
Missiles
 d - 3 throwing nets (quivered)
Armour
 c - a +0 hat (worn)
 l - a scarf of cloud immunity (worn)
 n - a +0 plate armour (worn)
Scrolls
 e - a scroll of blinking {unknown}
 g - a scroll of enchant weapon {unknown}
 j - a scroll of random uselessness {unknown}
 k - 3 scrolls of identify {unknown}
 o - a scroll of immolation {unknown}
 p - 2 scrolls of amnesia {unknown}
Potions
 b - a potion of heal wounds {unknown}
 h - a potion of resistance {unknown}
 i - a potion of lignification {unknown}
 m - a potion of berserk rage
 q - 2 potions of agility {unknown}
 r - a potion of magic {unknown}
Comestibles
 f - 5 rations


   Skills:
 + Level 4.6 Fighting
 * Level 6.8 Axes
 - Level 2.0 Throwing
 - Level 3.2 Dodging


You had 4 spell levels left.
You didn't know any spells.
Your spell library was empty.

Dungeon Overview and Level Annotations

Branches:
Dungeon (3/15)

Altars:
Qazlal
The Shining One


Innate Abilities, Weirdness & Mutations

You reflexively headbutt those who attack you in melee.
You have a pair of horns on your head.


Message History

There is a stone staircase leading up here.
It was a potion of berserk rage.
A red film seems to cover your vision as you go berserk!
You feel yourself moving faster!
You feel mighty!
* * * LOW HITPOINT WARNING * * *
You feel sick.
Unknown command.
You are too berserk!
You feel a strong urge to attack something.
* * * LOW HITPOINT WARNING * * *
You feel sick.
* * * LOW HITPOINT WARNING * * *
You feel sick.
You feel your anger nearly subside.
* * * LOW HITPOINT WARNING * * *
You feel sick.
You are no longer berserk.
You are exhausted.
You feel yourself slow down.
You die...

......... ...
......... ...
......... ...
........##..# .
............###.
.........#......
......).>#...#
............#
........@#.####.%
.................
.............###.
.##.####.......#
#.. #.....(... #.
#....####. .
#.#..# #.#..# #.
..#


There were no monsters in sight!

Vanquished Creatures
  Sigmund (D:3)
  An adder (D:2)
  3 worms (D:2)
  A dart slug (D:1)
  3 leopard geckos
  11 bats
  3 giant cockroaches
  11 goblins
  9 hobgoblins
  5 kobolds
  A ball python (D:2)
  4 frilled lizards (D:2)
  8 rats
61 creatures vanquished.

Notes
Turn   | Place    | Note
-------+----------+-------------------------------------------
     0 | D:1      | Notair the Minotaur Gladiator began the quest for the Orb.
     0 | D:1      | Reached XP level 1. HP: 18/18 MP: 0/0
   147 | D:1      | Reached skill level 4 in Axes
   150 | D:1      | Reached XP level 2. HP: 25/25 MP: 1/1
   731 | D:1      | Reached XP level 3. HP: 31/31 MP: 2/2
   910 | D:2      | Reached skill level 5 in Axes
  1233 | D:2      | Noticed an earth elemental
  1235 | D:2      | Found a stormy altar of Qazlal.
  1236 | D:2      | Noticed a water elemental
  1236 | D:2      | Noticed an air elemental
  1236 | D:2      | Noticed a fire elemental
  1265 | D:2      | Reached XP level 4. HP: 37/38 MP: 3/3
  1505 | D:2      | Found a glowing golden altar of the Shining One.
  1690 | D:3      | Noticed Sigmund
  1942 | D:3      | Killed Sigmund
  1942 | D:3      | Reached skill level 6 in Axes
  1942 | D:3      | Reached XP level 5. HP: 11/47 MP: 4/4
  1947 | D:3      | HP: 2/70 [poisoned by Sigmund]
  1948 | D:3      | Succumbed to Sigmund's poison

Vault maps used:
D:1:      evilmike_arrival_crescent, minmay_pentomino_s4
D:2:      cheibrodos_greedy_goblins, nicolae_qazlal_style_of_elements,
          marbit_many_paths, grunt_ministairs_11
D:3:      lemuel_coloured_pillars_altar, grunt_decor_one_mirror,
          grunt_decor_fettered, uniq_sigmund

Skill      XL: |  1  2  3  4 |
---------------+-------------+-----
Axes           | 4 5 6 |  6.8
Fighting       | 3 4 |  4.6
Throwing       | |  2.0
Dodging        | |  3.2

Action                   |  1- 3 |  4- 6 || total
-------------------------+-------+-------++-------
Melee: War axe           |    80 |    29 ||   109
       Headbutt          |    10 |     4 ||    14
  Use: Potion            |       |     1 ||     1
  Eat: Chunk             |     1 |     2 ||     3
Armor: Leather armour    |    13 |       ||    13
       Plate armour      |    19 |    17 ||    36
Dodge: Dodged            |    63 |     9 ||    72

Table legend:
 A = Non-vault XP
 B = Vault XP
 C = Vault XP percentage of total XP
 D = Non-vault monster count
 E = Vault monster count
 F = Vault count percentage of total count
                 A         B        C        D         E       F
            +---------+---------+-------+---------+---------+-------
      Total |      96 |     247 |  72.0 |      44 |      17 |  27.9
            +---------+---------+-------+---------+---------+-------
        D:1 |      38 |       5 |  11.6 |      19 |       4 |  17.4
        D:2 |      57 |      22 |  27.8 |      24 |      12 |  33.3
        D:3 |       1 |     220 |  99.5 |       1 |       1 |  50.0
            +---------+---------+-------+---------+---------+-------
